 Dungeon Crawl Stone Soup version 0.31-a0-229-g1fc7ce93e2 (webtiles) character file.

Game seed: 14239023940044478402

224 qw the Shooter (level 6, -8/37 HPs)
             Began as a Gargoyle Hexslinger on July 6, 2023.
             Mangled by a gnoll
             ... wielding a +0 halberd
             ... led by a gnoll bouda
              (9 damage)
             ... on level 4 of the Dungeon.
             The game lasted 00:01:18 (2315 turns).

qw the Shooter (Gargoyle Hexslinger)                Turns: 2315, Time: 00:01:19

Health: -8/37      AC: 10    Str: 11    XL:     6   Next: 0%
Magic:  7/7        EV: 10    Int: 14    God:
Gold:   212        SH:  0    Dex: 14    Spells: 6/7 levels left

rFire   . . .        Y - +1 sling
rCold   . . .        (no shield)
rNeg    + . .        a - +0 ring mail
rPois   inf          h - +0 helmet
rElec   +            (no cloak)
rCorr   .            (no gloves)
SInv    .            (no boots)
Will    .....        (no amulet)
Stlth   +            (no ring)
HPRegen 0.26/turn    (no ring)
MPRegen 0.10/turn

%: no passive effects
@: no status effects
A: sickness immunity, AC +4, negative energy resistance 1, electricity
resistance, torment resistance 1, petrification resistance
a: no special abilities


You were on level 4 of the Dungeon.
You visited 1 branch of the dungeon, and saw 4 of its levels.

You collected 212 gold pieces.


Innate Abilities, Weirdness & Mutations

You are immune to sickness and miasma.
Your stone body is resilient. (AC +4)
You are immune to poison.
You resist negative energy. (rN+)
You are resistant to electric shocks. (rElec)
You are resistant to unholy torment.
You are immune to petrification.


   Skills:
 - Level 3.0 Fighting
 + Level 5.2 Ranged Weapons
 - Level 1.1 Armour
 - Level 1.5 Dodging
 - Level 1.0 Spellcasting
 - Level 2.6 Hexes


You had 6 spell levels left.
You knew the following spells:

 Your Spells              Type           Power      Damage    Failure   Level
a - Slow                  Hex            32%        N/A       21%         1

Your spell library contained the following spells:

 Spells                   Type           Power      Damage    Failure   Level
 Inner Flame              Hex/Fire       4%         N/A       71%         3
 Portal Projectile        Hex/Tloc       8%         N/A       71%         3
 Cause Fear               Hex            4%         N/A       90%         4

Inventory:

Hand Weapons
 Y - a +1 sling (weapon)
Armour
 a - a +0 ring mail (worn)
 h - a +0 helmet (worn)
 k - a +0 pair of gloves
Scrolls
 d - 3 scrolls of teleportation {unknown}
 j - a scroll of identify
Potions
 b - a potion of haste
 c - a potion of mutation {unknown}
 e - a potion of might
 f - a potion of invisibility {unknown}
 g - a potion of enlightenment
 i - a potion of brilliance {unknown}

Dungeon Overview and Level Annotations

Branches:
Dungeon (4/15)
 Temple: D:4-7

Altars:


Message History

The adder bites you but does no damage.
You shoot a sling bullet. The sling bullet hits the adder.
The adder is heavily wounded.
The adder bites you but does no damage. The gnoll hits you but does no damage.
The goblin hits you with a +0 club. The orc hits you but does no damage.
An endoplasm comes into view.
You shoot a sling bullet. The sling bullet hits the adder.
The adder is severely wounded.
The adder bites you but does no damage. The goblin barely misses you.
The gnoll barely misses you. The orc hits you but does no damage.
The adder closely misses you. The goblin misses you.
The gnoll barely misses you. The endoplasm freezes you.
You are frozen.
The orc closely misses you.
You shoot a sling bullet. The sling bullet hits the adder.
You kill the adder!
The goblin hits you but does no damage. The gnoll closely misses you.
The orc hits you but does no damage.
The endoplasm hits you but does no damage.
You have reached level 6!
You shoot a sling bullet.
The sling bullet hits the orc but does no damage.
The goblin hits you but does no damage. The kobold hits you but does no damage.
The gnoll closely misses you. The orc hits you with a +0 club.
The endoplasm freezes you.
You are frozen.
You shoot a sling bullet. The sling bullet hits the orc.
The orc is heavily wounded.
The gnoll hits you but does no damage. The goblin hits you but does no damage.
The kobold hits you but does no damage.
The gnoll hits you from afar with a +0 halberd.
The orc barely misses you. The endoplasm freezes you.
You are frozen.
You shoot a sling bullet. The sling bullet barely misses the orc.
The sling bullet hits the gnoll.
The gnoll is heavily wounded.
The goblin barely misses you. The gnoll barely misses you.
The gnoll hits you from afar with a +0 halberd!
You die...

...... .#..... g....
....... ....#.#....
g........ ....>.#
###. ..<..# ## ....
##gg#.#... ...#
#Ko#....##
#..##@)..#....
#..#Jg#...# ..
###........##...
#.....#.........
#.#...............#
.#...
###.............#
....# #.......>.....#
.....#
###.#..........
......##........##...
#


You could see 2 gnolls, an orc, an endoplasm, a goblin and a kobold.

Vanquished Creatures
  An iguana (D:4)
  Robin (D:2)
  3 adders
  4 gnolls
  A worm (D:2)
  2 dart slugs
  3 orcs
  4 ball pythons
  10 endoplasms
  3 giant cockroaches
  16 goblins
  11 hobgoblins
  6 jackals
  11 kobolds
  4 quokkas
  9 bats
  3 frilled lizards
  9 rats
101 creatures vanquished.

Notes
Turn   | Place    | Note
-------+----------+-------------------------------------------
     0 | D:1      | qw the Gargoyle Hexslinger began the quest for the Orb.
     0 | D:1      | Reached XP level 1. HP: 12/12 MP: 2/2
     0 | D:1      | 0 ||| qw: Version: 0.3-a-46-gb1f654a
     0 | D:1      | 0 ||| qw: Game counter: 1618
     0 | D:1      | 0 ||| qw: Melee chars always use a shield: true
     0 | D:1      | 0 ||| qw: God list: Okawaru
     0 | D:1      | 0 ||| qw: Allow faded altars: false
     0 | D:1      | 0 ||| qw: Do Orc after clearing Dungeon:15 true
     0 | D:1      | 0 ||| qw: Do second Lair branch before Depths: true
     0 | D:1      | 0 ||| qw: Lair rune preference: random
     0 | D:1      | 0 ||| qw: Goals: Normal
     0 | D:1      | 0 ||| PLANNING D:1-11
   102 | D:1      | Reached XP level 2. HP: 16/16 MP: 3/3
   140 | D:1      | Reached skill level 3 in Ranged Weapons
   344 | D:1      | 344 ||| Stepping ~*~*~tactically~*~*~ (outnumbered).
   355 | D:1      | Reached XP level 3. HP: 21/21 MP: 4/4
   539 | D:1      | Found a faded altar of an unknown god.
   544 | D:1      | 544 ||| FLEEEEING.
   547 | D:1      | 547 ||| FLEEEEING.
   548 | D:1      | 548 ||| FLEEEEING.
   686 | D:1      | 686 ||| UPGRADING to +0 leather armour.
   696 | D:1      | 696 ||| DROPPING +0 robe.
   697 | D:1      | 697 ||| DROPPING scroll of poison.
   813 | D:2      | Reached XP level 4. HP: 26/26 MP: 5/5
   891 | D:2      | Reached skill level 4 in Ranged Weapons
  1019 | D:2      | Noticed Robin
  1046 | D:2      | Killed Robin
  1048 | D:2      | HP: 6/26 [goblin/+0 dagger[Robin] (5)]
  1048 | D:2      | HP: 1/26 [goblin/+0 dagger[Robin] (5)]
  1288 | D:2      | Reached XP level 5. HP: 23/30 MP: 6/6
  1511 | D:2      | 1511 ||| UPGRADING to +0 helmet.
  1516 | D:2      | 1516 ||| READING scroll labelled HAODGH YSAUTWU.
  1517 | D:2      | 1517 ||| READING scroll labelled WATZOAR HAEMN.
  1518 | D:2      | 1518 ||| READING scroll labelled MUNLEM YZXOGOM.
  1519 | D:2      | 1519 ||| READING 2 scrolls labelled VOACZA SECKUSK.
  1520 | D:2      | 1520 ||| DRINKING 2 smoky yellow potions.
  1564 | D:2      | 1564 ||| DRINKING 2 dark potions.
  1565 | D:2      | 1565 ||| DROPPING potion of lignification.
  1768 | D:3      | Reached skill level 5 in Ranged Weapons
  2037 | D:3      | 2037 ||| UPGRADING to +0 ring mail.
  2047 | D:3      | 2047 ||| DROPPING +0 leather armour.
  2048 | D:3      | 2048 ||| DRINKING 2 fizzy inky potions.
  2049 | D:3      | 2049 ||| READING 3 scrolls of identify.
  2049 | D:3      | 2049 ||| IDENTIFYING black potion
  2050 | D:3      | 2050 ||| READING 2 scrolls of identify.
  2050 | D:3      | 2050 ||| IDENTIFYING amethyst potion
  2051 | D:3      | 2051 ||| DROPPING potion of degeneration.
  2068 | D:4      | 2068 ||| STAIRDANCE
  2081 | D:3      | Reached skill level 1 in Armour
  2173 | D:4      | Identified the +6 dagger "Purocs" {drain, rF+ Stlth+}
  2188 | D:4      | Reached skill level 3 in Fighting
  2297 | D:4      | 2297 ||| Stepping ~*~*~tactically~*~*~ (outnumbered).
  2309 | D:4      | HP: 8/32 [orc/+0 club (2)]
  2313 | D:4      | Reached XP level 6. HP: 6/37 MP: 7/7
  2314 | D:4      | HP: 2/37 [gnoll/+0 halberd[a gnoll bouda] (3)]
  2315 | D:4      | Mangled by a gnoll

Levels and vault maps discovered:
D:1:      dpeg_arrival_subterranean_lakeside_camping, layout_basic,
          shapermc_ecumenical_altar_starsandcircs,
          chequers_serial_rivers_room_b, columned_hall_lemuel
D:2:      layout_loops_ring, uniq_robin
D:3:      layout_basic, minmay_misc_feat_room
D:4:      layout_rooms, minitemple, minmay_temple_entry_slanted

Skill      XL: |  1  2  3  4  5 |
---------------+----------------+-----
Ranged Weapons | 3 4 5 |  5.2
Fighting       | 2 3 |  3.0
Armour         | 1 |  1.1
Dodging        | |  1.5
Spellcasting   | |  1.0
Hexes          | |  2.6

Action                     |  1- 3 |  4- 6 || total
---------------------------+-------+-------++-------
   Fire: Sling             |   121 |   239 ||   360
    Use: Scroll            |       |     6 ||     6
         Potion            |       |     3 ||     3
 Armour: Robe              |    13 |       ||    13
         Leather armour    |     3 |    47 ||    50
         Ring mail         |       |    41 ||    41
  Dodge: Dodged            |    23 |   115 ||   138

Table legend:
 A = Non-vault XP
 B = Vault XP
 C = Vault XP percentage of total XP
 D = Non-vault monster count
 E = Vault monster count
 F = Vault count percentage of total count
                 A         B        C        D         E       F
            +---------+---------+-------+---------+---------+-------
      Total |     271 |      50 |  15.6 |      82 |      19 |  18.8
            +---------+---------+-------+---------+---------+-------
        D:1 |      52 |      10 |  16.1 |      31 |       6 |  16.2
        D:2 |      80 |      40 |  33.3 |      29 |      13 |  31.0
        D:3 |      41 |       0 |   0.0 |      15 |       0 |   0.0
        D:4 |      98 |       0 |   0.0 |       7 |       0 |   0.0
            +---------+---------+-------+---------+---------+-------
